 Dungeon Crawl Stone Soup version 0.29-a0-330-g52719c12eb (webtiles) character file.

Game seed: 14887445914792186253

102 kae the Firebug (level 4, 0/35 HPs)
             Began as a Demigod Fire Elementalist on Apr 22, 2022.
             Slain by an orc
             ... wielding a +0 hand axe
              (5 damage)
             ... on level 3 of the Dungeon.
             The game lasted 00:01:37 (2943 turns).

kae the Firebug (Demigod Fire Elementalist)         Turns: 2943, Time: 00:01:37

Health: 0/35       AC:  2    Str:  9    XL:     4   Next: 26%
Magic:  10/10      EV:  9    Int: 21    God:
Gold:   91         SH:  0    Dex: 14    Spells: 4/7 levels left

rFire   . . .      SeeInvis .   l - +2 spear (flame)
rCold   . . .      Faith    .   (no shield)
rNeg    . . .      Spirit   .   a - +0 robe
rPois   .          Reflect  .   (helmet restricted)
rElec   .          Harm     .   (no cloak)
rCorr   .          Rampage  .   (no gloves)
Will    .....                   (no boots)
Stlth   ++........              (no amulet)
HPRegen 0.11/turn               (no ring)
MPRegen 0.12/turn               (no ring)

@: constricted
A: high MP 1, forlorn, divine attributes, horns 1, screaming 1
a: no special abilities


You were on level 3 of the Dungeon.
You visited 1 branch of the dungeon, and saw 3 of its levels.

You collected 91 gold pieces.

Inventory:

Hand Weapons
 e - a +1 vorpal spear
 l - a +2 spear of flaming (weapon)
Armour
 a - a +0 robe (worn)
 g - a scarf of shadows
Scrolls
 c - a scroll of acquirement {unknown}
 d - a scroll of vulnerability
 h - a scroll of enchant armour
 k - 2 scrolls of teleportation
Potions
 b - a potion of magic
 f - a potion of attraction
 i - a potion of cancellation


   Skills:
 + Level 1.4 Fighting
 - Level 1.7 Dodging
 - Level 1.7 Stealth
 + Level 2.3 Spellcasting
 + Level 1.9 Conjurations
 * Level 3.7 Fire Magic


You had 4 spell levels left.
You knew the following spells:

 Your Spells              Type           Power      Damage    Failure   Level
a - Foxfire               Conj/Fire      56%        2x1d6     4%          1
b - Scorch                Fire           36%        2d6       4%          2

Your spell library contained the following spells:

 Spells                   Type           Power      Damage    Failure   Level
 Conjure Flame            Conj/Fire      14%        6-21      14%         3
 Inner Flame              Hex/Fire       10%        N/A       21%         3
 Flame Wave               Conj/Fire      14%        2d6       41%         4


Dungeon Overview and Level Annotations

Branches:
Dungeon (3/15)

Annotations:
D:2 Terence


Innate Abilities, Weirdness & Mutations

You have an increased reservoir of magic. (+10% MP)
You shall have no god before yourself.
Your divine heritage dramatically boosts your attributes as you level up.
You have a pair of small horns on your head.
You occasionally shout uncontrollably at your foes.


Message History

There is an open door here.
A rat and an orc come into view.
There are monsters nearby!
Okay, then.
You reach to attack!
You hit the rat. You burn the rat.
You kill the rat!
A ball python and 2 orcs come into view.
The orc shouts! x2
A hobgoblin comes into view.
You hit the orc. You burn the orc.
The orc is heavily wounded.
The orc hits you with a +0 mace. The orc hits you with a +0 dagger.
You hit the orc. You burn the orc.
The orc is severely wounded.
The orc hits you with a +0 mace. The orc barely misses you.
You hit the orc. You burn the orc.
You kill the orc!
The ball python bites you. The ball python grabs you.
The ball python constricts you. The orc hits you with a +0 mace.
The ball python closely misses you. The ball python constricts you.
You hit the hobgoblin. You burn the hobgoblin.
The hobgoblin is severely wounded.
The hobgoblin hits you. The orc hits you with a +0 mace.
The orc closely misses you. The ball python barely misses you.
The ball python constricts you.
You hit the hobgoblin. You burn the hobgoblin.
You kill the hobgoblin!
The ball python barely misses you. The ball python constricts you.
The orc hits you with a +0 hand axe.
* * * LOW HITPOINT WARNING * * *
The orc hits you with a +0 mace.
* * * LOW HITPOINT WARNING * * *
A goblin comes into view. It is wielding a +0 dagger.
Okay, then.
It was a potion of mutation.
You feel extremely strange.
You feel the urge to shout. A pair of horns grows on your head!
The ball python bites you but does no damage.
The ball python constricts you. The orc hits you but does no damage.
The orc hits you with a +0 hand axe.
You die...

#.#. #.......#.#
#.# #######....
#.# #.#.# #.#
######.# #.#
#....... #.#
#.###... #.#
#.....
..##.#.###.####
#.#.##
.......S@o......
.......
##.##.###o.#####
#.#..#.. ...
...g. ...####.#
#.# #.##.# .. ..
#. .# # # # ##


You could see 2 orcs, a goblin and a ball python.

Vanquished Creatures
  3 gnolls (D:2)
  An adder (D:1)
  A worm (D:2)
  3 dart slugs
  An orc (D:3)
  4 ball pythons
  8 endoplasms
  3 giant cockroaches (D:2)
  2 goblins
  8 hobgoblins
  3 quokkas
  5 bats
  A frilled lizard (D:1)
  7 kobolds
  2 rats
52 creatures vanquished.

Vanquished Creatures (others)
  178 foxfires
178 creatures vanquished.

Grand Total: 230 creatures vanquished

Notes
Turn   | Place    | Note
-------+----------+-------------------------------------------
     0 | D:1      | kae the Demigod Fire Elementalist began the quest for the
                  | Orb.
     0 | D:1      | Reached XP level 1. HP: 14/14 MP: 5/5
    16 | D:1      | Reached skill level 1 in Conjurations
   118 | D:1      | Reached skill level 3 in Fire Magic
   118 | D:1      | Reached XP level 2. HP: 14/22 MP: 0/7
   389 | D:1      | Learned a level 2 spell: Scorch
  1058 | D:1      | Reached skill level 1 in Fighting
  1058 | D:1      | Reached XP level 3. HP: 12/28 MP: 0/8
  2320 | D:2      | Reached XP level 4. HP: 30/35 MP: 7/10
  2477 | D:2      | Noticed Terence
  2943 | D:3      | Gained mutation: You occasionally shout uncontrollably at
                  | your foes. [potion of mutation]
  2943 | D:3      | Gained mutation: You have a pair of small horns on your
                  | head. [potion of mutation]
  2943 | D:3      | Slain by an orc

Illustrated notes

Levels and vault maps discovered:
D:1:      sevenhm_arrival_forest_fort_small_6, layout_basic,
          shapermc_ecumenical_altar_ellora
D:2:      layout_basic, uniq_terence
D:3:      layout_basic, marbit_many_paths, serial_shops, shop,
          corexii_corridor_pit

Skill      XL: |  1  2 |
---------------+-------+-----
Conjurations   | 1 |  1.9
Fire Magic     | 3 |  3.7
Spellcasting   | 2 |  2.3
Fighting       | 1 |  1.4
Dodging        | |  1.7
Stealth        | |  1.7

Action                   |  1- 3 |  4- 6 || total
-------------------------+-------+-------++-------
Melee: Unarmed           |    22 |       ||    22
       Spear             |     8 |     6 ||    14
 Cast: Foxfire           |    93 |    11 ||   104
       Scorch            |     4 |     1 ||     5
  Use: Scroll            |     2 |     3 ||     5
       Potion            |       |     1 ||     1
Armor: Robe              |     5 |     2 ||     7
Dodge: Dodged            |    52 |     5 ||    57

Table legend: (Time is in decaauts)
 A = Elapsed time spent in this place.
 B = Non-inter-level travel time spent in this place.
 C = Inter-level travel time spent in this place.
 D = Time resting spent in this place.
 E = Time spent auto-exploring this place.
 F = Levels seen in this place.
 G = Mean time per level.
                   A        B        C        D        E       F      G
               +--------+--------+--------+--------+--------+-----+--------+
         Total |   2943 |   2902 |     41 |    420 |   2051 |   3 |  981.0 |
       Dungeon |   2943 |   2902 |     41 |    420 |   2051 |   3 |  981.0 |
               +--------+--------+--------+--------+--------+-----+--------+

Top non-repeatable levels by time:
     D:2: 1635 daAuts
     D:1: 1223 daAuts
     D:3: 84 daAuts
